 Dungeon Crawl Stone Soup version 0.31-a0-176-g91f28db67f (webtiles) character file.

Game seed: 914744521700444543

488 MacCMillion the Grave Robber (level 6, -1/41 HPs)
             Began as a Mummy Necromancer on June 18, 2023.
             Slain by Pikel
             ... wielding a +0 whip of freezing
              (10 damage)
             ... on level 3 of the Dungeon.
             The game lasted 00:06:41 (4626 turns).

MacCMillion the Grave Robber (Mummy Necromancer)    Turns: 4626, Time: 00:06:42

Health: -1/41      AC:  5    Str: 12    XL:     6   Next: 90%
Magic:  15/15      EV: 12    Int: 16    God:
Gold:   166        SH:  0    Dex: 12    Spells: 9/17 levels left

rFire   x . .        d - +0 dagger (pain)
rCold   + . .        (no shield)
rNeg    + + +        a - +0 robe
rPois   ∞            l - +2 helmet
rElec   .            (no cloak)
rCorr   .            (no gloves)
SInv    +            (no boots)
Will    +....        b - amulet of regeneration
Stlth   ++           j - ring of willpower
HPRegen 1.06/turn    f - ring of see invisible
MPRegen 0.14/turn

%: faith
@: about to teleport
A: cold resistance 1, negative energy resistance 3, torment resistance 2, heat
vulnerability 1, in touch with death 1, no potions, faith
a: no special abilities


You were on level 3 of the Dungeon.
You visited 2 branches of the dungeon, and saw 5 of its levels.

You collected 166 gold pieces.

Inventory:

Hand Weapons
 c - a +0 short sword
 d - a +0 dagger of pain (weapon)
Armour
 a - a +0 robe (worn)
 l - a +2 helmet (worn)
Jewellery
 b - an amulet of regeneration (around neck)
 f - a ring of see invisible (right hand)
 j - a ring of willpower (left hand)
Scrolls
 e - a scroll of identify
 g - 2 scrolls of poison
 h - a scroll of amnesia {unknown}
 i - a scroll of silence {unknown}
 k - a scroll of noise {unknown}
 m - a scroll of vulnerability {unknown}
 n - a scroll of teleportation
 o - a scroll of revelation {unknown}
 p - a scroll of blinking {unknown}


   Skills:
 - Level 1.5 Dodging
 - Level 1.5 Stealth
 - Level 6.0 Spellcasting
 + Level 7.0 Necromancy


You had 9 spell levels left.
You knew the following spells:

 Your Spells              Type           Power      Damage    Failure   Level
a - Necrotise             Necr           100%       1d9       1%          1
b - Vampiric Draining     Necr           40%        2d8       2%          3
c - Animate Dead          Necr           40%        N/A       8%          4

Your spell library contained the following spells:

 Spells                   Type           Power      Damage    Failure   Level
 Blink                    Tloc           8%         N/A       21%         2
 Lesser Beckoning         Tloc           8%         N/A       21%         2
 Momentum Strike          Conj/Tloc      8%         3d8       21%         2
 Agony                    Necr           40%        N/A       22%         5
 Stone Arrow              Conj/Erth      8%         3d7       38%         3
 Animate Armour           Summ/Erth      8%         N/A       80%         4
 Lehudib's Crystal Spear  Conj/Erth      2%         10d2      100%        8


Dungeon Overview and Level Annotations

Branches:
Dungeon (4/15)             Temple (1/1) D:4

Altars:
Ashenzari
Fedhas
Hepliaklqana
Qazlal
Trog
Uskayaw
Yredelemnul
Lugonu

Shops:
D:2 (   D:4 *(!

Annotations:
D:3 Grinder, Pikel


Innate Abilities, Weirdness & Mutations

You are immune to poison.
Your flesh is cold resistant. (rC+)
You are immune to negative energy. (rN+++)
You are immune to unholy pain and torment.
You are vulnerable to heat. (rF-)
You are in touch with the powers of death.
You do not drink.
You have a special connection with the divine. (Faith)


Message History

Pikel barely misses you. x2
There is an open door here.
Unknown command.
Pikel hits you with a +0 whip of freezing!
Pikel freezes you. Pikel barely misses you. Pikel barely misses you.
Pikel attacks as you move away! Pikel closely misses you. x2
Pikel attacks as you move away! Pikel closely misses you.
Pikel hits you with a +0 whip of freezing!
Pikel freezes you. Pikel attacks as you move away!
Pikel hits you with a +0 whip of freezing.
Pikel freezes you.
There is an escape hatch in the ceiling here.
Pikel misses you. Pikel closely misses you.
A mysterious force pulls you upwards. The hatch slams shut behind you.
Level annotation: Grinder You are too injured to fight recklessly!
You are too injured to fight recklessly!
Aiming: Necrotise (safe; 1% risk of failure)
Press: ? - help, Q - select action, (/) - cycle Shift-Dir - straight line, f - Pikel
Aim: Pikel, wielding a +0 whip of freezing and wearing a +0 robe (berserk, chance to affect: 83%)
Okay, then.
You can't drink.
Unknown command.
As you read the scroll labelled XIPSOIDE SONUS, it crumbles to dust.
It is a scroll of identify.
g - 2 scrolls of poison Pikel hits you with a +0 whip of freezing!
* * * LOW HITPOINT WARNING * * *
Pikel freezes you.
* * * LOW HITPOINT WARNING * * *
As you read the scroll labelled FIUDAU DUANOAMA, it crumbles to dust.
You feel strangely unstable.
It was a scroll of teleportation.
Pikel misses you. Pikel barely misses you. Pikel attacks as you move away!
Pikel barely misses you. Pikel attacks as you move away!
Pikel hits you with a +0 whip of freezing!
You die...

........'#.#.#.#...#.#.#.#.#.#.##
###..)(.#.#.#.#.....#.#.#.#.#.#..
#.....+#.#.#.#.#.#.#.#.#.#.#.##
#.....#.#.#.#.#.#.#.#.#.#.#.#.#
#.....+#.#.#.#.#.#.#.#.#.#.#.#.
..#.#.#.#.#.....#.#.#.#.#..
###)#.#.#.#.#...#.#.#.#.#.#.
..#.#.#.#K#.....#.#.#.#.#..
#.#.#.#.#@#.#.#.#.#.#.#.##
##.#.#.#.#.#.#.#.#.#.#.#..
#####..########.###.##.##....
##...#..# #.###..........
........# #..##.##.#...#.
........# #..##.##(#...#.
........########..##.##.#..###
.....................##.#.##
..#...............##.......#


You could see Pikel (berserk).

Vanquished Creatures
  Sigmund (D:3)
  3 orc priests
  Natasha (D:3)
  An orc wizard (D:3)
  2 gnolls
  3 adders
  A white imp (D:4)
  2 worms
  3 dart slugs
  12 orcs
  4 ball pythons
  3 endoplasms
  2 giant cockroaches (D:1)
  6 goblins
  6 hobgoblins
  4 jackals (D:1)
  7 kobolds
  4 quokkas
  6 bats
  3 frilled lizards
  2 rats (D:1)
76 creatures vanquished.

Vanquished Creatures (collateral kills)
  Natasha (D:3)
  An orc wizard (D:3)
  A worm (D:4)
  A goblin (D:2)
4 creatures vanquished.

Grand Total: 80 creatures vanquished

Notes
Turn   | Place    | Note
-------+----------+-------------------------------------------
     0 | D:1      | MacCMillion the Mummy Necromancer began the quest for the
                  | Orb.
     0 | D:1      | Reached XP level 1. HP: 13/13 MP: 4/4
   516 | D:1      | Reached XP level 2. HP: 19/19 MP: 3/6
  1805 | D:1      | Gained mutation: You are in touch with the powers of death.
                  | [Mummy growth]
  1805 | D:1      | Reached XP level 3. HP: 22/24 MP: 4/8
  1904 | D:2      | Found Zoirup's Antique Weapon Boutique.
  2465 | D:2      | Reached skill level 5 in Necromancy
  2465 | D:2      | Reached XP level 4. HP: 30/30 MP: 5/10
  3175 | D:3      | Learned a level 3 spell: Vampiric Draining
  3180 | D:3      | Learned a level 4 spell: Animate Dead
  3186 | D:3      | Reached XP level 5. HP: 35/35 MP: 9/12
  3204 | D:3      | Found a hazy altar of Hepliaklqana.
  3209 | D:3      | Reached skill level 5 in Spellcasting
  3209 | D:3      | Found a faded altar of an unknown god.
  3265 | D:3      | Noticed Natasha
  3270 | D:3      | Killed Natasha
  3323 | D:3      | Noticed Sigmund
  3335 | D:3      | Killed Sigmund
  3336 | D:3      | Reached skill level 6 in Necromancy
  3336 | D:3      | Reached XP level 6. HP: 41/41 MP: 6/15
  3828 | D:3      | Noticed Natasha
  3833 | D:3      | Killed Natasha
  3985 | D:3      | Noticed Grinder
  4127 | D:4      | Found Bufrax's Distillery.
  4139 | D:4      | Found Quiz's Assorted Antiques.
  4167 | D:4      | Reached skill level 7 in Necromancy
  4471 | D:4      | Found Wan Zups's Weapon Emporium.
  4495 | D:4      | Found a staircase to the Ecumenical Temple.
  4511 | Temple   | Entered the Ecumenical Temple
  4593 | D:4      | Noticed Pikel
  4626 | D:3      | Slain by Pikel

Illustrated notes

Levels and vault maps discovered:
D:1:      tarquinn_simple_flora_water_f, layout_basic, serial_forest,
          infiniplex_forest_clump_diagonal, infiniplex_forest_lined_3,
          infiniplex_forest_clump_curved, infiniplex_forest_zigzag_1,
          infiniplex_forest_lined_4_way, infiniplex_forest_lined_room_3,
          infiniplex_forest_end_3, infiniplex_forest_end_2,
          infiniplex_forest_pool
D:2:      layout_loops_ring, serial_shops, shop
D:3:      layout_basic, beargit_hepliaklqana_dungeon_heroes,
          grunt_decor_junction, kennysheep_generic_room_7, uniq_natasha,
          uniq_sigmund, uniq_grinder
D:4:      layout_basic, minmay_temple_entry_glass, serial_shops,
          nicolae_shop_statue_plus, nicolae_shop_gibbet_a_chance, shop_statue,
          nicolae_inconvenience_store, shop, kennysheep_flooded_box,
          grunt_decor_clamped, uniq_robin, uniq_pikel
Temple:   corrupted_temple

Skill      XL: |  1  2  3  4  5  6 |
---------------+-------------------+-----
Spellcasting   | 3 4 6 |  6.0
Necromancy     | 5 6 7 |  7.0
Dodging        | |  1.5
Stealth        | |  1.5

Action                     |  1- 3 |  4- 6 || total
---------------------------+-------+-------++-------
  Melee: Unarmed           |     7 |       ||     7
         Short sword       |     7 |       ||     7
         Dagger            |     2 |    20 ||    22
   Cast: Necrotise         |    82 |   107 ||   189
    Use: Scroll            |       |     2 ||     2
 Armour: Robe              |    10 |    12 ||    22
  Dodge: Dodged            |    33 |    48 ||    81

Table legend: (Time is in decaauts)
 A = Elapsed time spent in this place.
 B = Non-inter-level travel time spent in this place.
 C = Inter-level travel time spent in this place.
 D = Time resting spent in this place.
 E = Time spent auto-exploring this place.
 F = Levels seen in this place.
 G = Mean time per level.
                   A        B        C        D        E       F      G
               +--------+--------+--------+--------+--------+-----+--------+
         Total |   4626 |   4532 |     94 |   1158 |   2680 |   5 |  925.2 |
       Dungeon |   4578 |   4484 |     94 |   1158 |   2653 |   4 | 1144.5 |
        Temple |     47 |     47 |      0 |      0 |     27 |   1 |   47.0 |
               +--------+--------+--------+--------+--------+-----+--------+

Top non-repeatable levels by time:
     D:1: 1922 daAuts
     D:2: 1170 daAuts
     D:3: 924 daAuts
     D:4: 561 daAuts
  Temple: 47 daAuts
